Unix NetHack Version 3.7.0-59 Work-in-progress - last build Jun 15 2022 12:00:05 (ba19de5de9b105df43ec81f7b8aaf5e01ff60ae8,branch:master). Game began 2022-06-20 08:08:27, ended 2022-06-20 08:24:51. pescepalla, lawful female human Knight ------ --..%.-----. |.uG|)....... --@----...).. --- --..... |.... |... --- Pescepalla the Esquire St:15 Dx:9 Co:11 In:9 Wi:14 Ch:18 Lawful Dlvl:3 $:68 HP:0(26) Pw:28(28) AC:3 Exp:3 T:1639 Latest messages: You swap places with Rocinante. You can't go down here. You climb up the stairs. You see here a +1 lance. You descend the stairs. The gnome picks up 9 darts. You hear crashing rock. Are you waiting to get hit? Use 'm' prefix to force a no-op (to rest). You kill the gnome! There are several objects here. The gnome swings her aklys. The gnome misses! You kill the gnome! You hear crashing rock. There is a gnome corpse here; eat it? [ynq] (n) This gnome corpse tastes okay. You stop eating the gnome corpse. The gnome lord picks up 6 silver arrows. You miss the gnome lord. You hit the gnome lord. The gnome lord swings his bow. The gnome lord hits! You miss the gnome lord. You miss the gnome lord. You miss the gnome lord. You hit the gnome lord. The gnome lord swings his bow. The gnome lord hits! Rocinante hits the gnome lord. Rocinante misses the gnome lord. The gnome lord swings his bow at Rocinante. The gnome lord hits Rocinante. You miss the gnome lord. The gnome lord swings his bow. The gnome lord hits! You miss the gnome lord. The gnome lord swings his bow. The gnome lord hits! The gnome lord picks up a bow. The gnome lord picks up 6 arrows. The gnome lord picks up 2 darts. The gnome lord picks up a dart. The gnome lord picks up 9 darts. You hear crashing rock. The gnome lord picks up a black gem. You miss the gnome lord. The gnome lord swings his aklys. The gnome lord hits! You die... Do you want your possessions identified? [ynq] (y) Major events: Turn 1: pescepalla the lawful female human Knight entered the dungeon 613: entered the Gnomish Mines 1140: attained the rank of Esquire (level 3) 1639: killed by a gnome lord Inventory: Coins $ - 68 gold pieces Weapons s - a +0 dart a - a blessed +1 long sword (weapon in hand) Armor d - an uncursed +0 helmet (being worn) f - an uncursed +0 pair of leather gloves (being worn) e - an uncursed +0 small shield (being worn) c - an uncursed +1 ring mail (being worn) Comestibles g - 10 uncursed apples h - 15 uncursed carrots r - an uncursed food ration m - an uncursed tin of spinach Potions l - an uncursed potion of sickness j - a cursed potion of sleeping Tools n - a cursed magic lamp (lit) k - an uncursed oil lamp Gems/Stones o - 2 uncursed worthless pieces of yellowish brown glass Pescepalla the Knight's attributes: Background: You were an Esquire, a level 3 female human Knight. You were lawful, nominally on a mission for Lugh who was opposed by Brigit (neutral) and Manannan Mac Lir (chaotic). You were in the Gnomish Mines, on level 3. You entered the dungeon 1639 turns ago. You had 74 experience points, 6 more were needed to attain level 4. Basics: You had 0 out of 26 hit points. You had all 28 energy points (spell power). Your armor class was 3. Your wallet contained 68 zorkmids. Autopickup was off. Final Characteristics: Your strength was 15 (limit:18/100). Your dexterity was 9 (limit:18). Your constitution was 11 (limit:18). Your intelligence was 9 (limit:18). Your wisdom was 14 (limit:18). Your charisma was 18 (limit:18). Final Status: You were not hungry. You were unencumbered. You were wielding a long sword. You had basic skill with long sword. Final Attributes: You were devoutly aligned. You could jump. You were warded. You are dead. Miscellaneous: You never encountered a bones level. Total elapsed playing time was 16 minutes and 24 seconds. Vanquished creatures: a shrieker a werejackal a large kobold 2 giant rats a brown mold a yellow mold 3 gnomes 2 geckos 8 jackals 3 foxes a kobold a goblin a sewer rat a grid bug a lichen a kobold zombie 3 newts 32 creatures vanquished. No species were genocided or became extinct. Voluntary challenges: You were an atheist. You were illiterate. You never engraved Elbereth. You never genocided any monsters. You never polymorphed an object. You never changed form. You used no wishes. Achievements: You entered the Gnomish Mines. You entered a shop. You attained the rank of Esquire. The Dungeons of Doom: levels 1 to 4 Level 1: Some fountains. Level 2: Stairs down to The Gnomish Mines. Level 3: A bookstore. Level 4: The Gnomish Mines: Level 3: <- You were here. Final resting place for you, killed by a gnome lord. Game over: ---------- / \ / REST \ / IN \ / PEACE \ / \ | pescepalla | | 68 Au | | killed by a | | gnome lord | | | | | | 2022 | *| * * * | * _________)/\\_//(\/(/\)/\//\/|_)_______ Fare thee well pescepalla the Knight... You died in The Gnomish Mines on dungeon level 3 with 508 points, and 68 pieces of gold, after 1639 moves. You were level 3 with a maximum of 26 hit points when you died.